 Dungeon Crawl Stone Soup version 0.31-a0-819-gf6de2f5ab6 (webtiles) character file.

Game seed: 2600620862180775430

26 qw the Shooter (level 3, 0/21 HPs)
             Began as a Gargoyle Hunter on Sept 23, 2023.
             Slain by a gnoll
             ... wielding a +0 halberd
              (4 damage)
             ... on level 2 of the Dungeon.
             The game lasted 00:00:09 (659 turns).

qw the Shooter (Gargoyle Hunter)                     Turns: 659, Time: 00:00:09

Health: 0/21       AC:  8    Str: 14    XL:     3   Next: 8%
Magic:  3/3        EV:  6    Int:  9    God:
Gold:   24         SH:  0    Dex: 15    Spells: 2/2 levels left

rFire   . . .        Y - +0 shortbow
rCold   . . .        (shield currently unavailable)
rNeg    + . .        f - +0 ring mail
rPois   inf          (no helmet)
rElec   +            (no cloak)
rCorr   .            (no gloves)
SInv    .            (no boots)
Will    .....        (no amulet)
Stlth   +            (no ring)
HPRegen 0.23/turn    (no ring)
MPRegen 0.08/turn

%: no passive effects
@: held
A: sickness immunity, AC +3, negative energy resistance 1, electricity
resistance, torment resistance 1, petrification resistance
a: no special abilities


You were on level 2 of the Dungeon.
You visited 1 branch of the dungeon, and saw 2 of its levels.

You collected 24 gold pieces.


Innate Abilities, Weirdness & Mutations

You are immune to sickness and miasma.
Your stone body is resilient. (AC +3)
You are immune to poison.
You resist negative energy. (rN+)
You are resistant to electric shocks. (rElec)
You are resistant to unholy torment.
You are immune to petrification.


   Skills:
 - Level 2.1 Fighting
 + Level 4.5 Ranged Weapons
 - Level 1.7 Armour
 - Level 1.5 Dodging
 - Level 1.1 Stealth


You had 2 spell levels left.
You didn't know any spells.
Your spell library was empty.

Inventory:

Hand Weapons
 Y - a +0 shortbow (weapon)
Armour
 f - a +0 ring mail (worn)
Potions
 d - a potion of berserk rage {unknown}
 e - a potion of brilliance {unknown}
 h - a potion of might {unknown}

Dungeon Overview and Level Annotations

Branches:
Dungeon (2/15)

Altars:


Message History

The gnoll is lightly wounded.
The gnoll barely misses you.
You shoot an arrow. The arrow barely misses the gnoll.
The arrow hits the gnoll.
The gnoll is moderately wounded.
The gnoll barely misses you. The gnoll hits you with a +0 spear.
The gnoll hits you but does no damage. The gnoll hits you with a +0 spear.
You shoot an arrow. The arrow hits the gnoll.
The gnoll is heavily wounded.
The gnoll hits you with a +0 spear. The gnoll barely misses you.
You shoot an arrow. The arrow completely misses the gnoll.
The arrow barely misses the gnoll.
The arrow hits the gnoll.
The gnoll is moderately wounded.
A hobgoblin comes into view.
The gnoll barely misses you. x2
You shoot an arrow. The arrow barely misses the gnoll.
The hobgoblin shouts!
The arrow hits the gnoll.
The gnoll is heavily wounded.
The gnoll barely misses you. The gnoll hits you with a +0 spear.
The gnoll barely misses you. x2
You shoot an arrow. The arrow hits the gnoll!
You kill the gnoll!
The gnoll barely misses you.
Your Armour skill increases to level 1!
You shoot an arrow. The arrow hits the gnoll.
The gnoll is severely wounded.
The gnoll hits you but does no damage.
You shoot an arrow. The arrow hits the gnoll.
You kill the gnoll!
The gnoll throws a throwing net.
The throwing net hits you.
You become entangled in the net!
You have reached level 3!
Your experience leads to an increase in your attributes!
Increase (S)trength, (I)ntelligence, or (D)exterity?
You feel agile. x2
You struggle against the net.
The gnoll hits you from afar with a +0 halberd!
You tear a large gash into the net.
The gnoll hits you from afar with a +0 halberd.
You die...

#.# ... #.# #g# .
#g# # ... #g# .#
....# #)###.#
......##@#...#
......=....#
####...#:..#######
###.#...%......
..........#####
###.....#..## .
##....##..## ..
....#..###..###...
#####..###.....#


You could see 2 gnolls and a hobgoblin.

Vanquished Creatures
  2 gnolls (D:2)
  2 ball pythons (D:2)
  2 hobgoblins (D:1)
  A goblin (D:1)
  2 kobolds (D:1)
9 creatures vanquished.

Notes
Turn   | Place    | Note
-------+----------+-------------------------------------------
     0 | D:1      | qw the Gargoyle Hunter began the quest for the Orb.
     0 | D:1      | Reached XP level 1. HP: 12/12 MP: 1/1
     0 | D:1      | 0 ||| qw: Version: 0.3-a-83-gcd0e7d8
     0 | D:1      | 0 ||| qw: Game counter: 1508
     0 | D:1      | 0 ||| qw: Melee chars always use a shield: true
     0 | D:1      | 0 ||| qw: God list: Okawaru
     0 | D:1      | 0 ||| qw: Allow faded altars: false
     0 | D:1      | 0 ||| qw: Do Orc after clearing Dungeon:15 true
     0 | D:1      | 0 ||| qw: Do second Lair branch before Depths: true
     0 | D:1      | 0 ||| qw: Lair rune preference: random
     0 | D:1      | 0 ||| qw: Goals: Normal
     0 | D:1      | 0 ||| PLANNING D:1-11
   595 | D:1      | 595 ||| UPGRADING to +0 ring mail.
   605 | D:1      | 605 ||| DROPPING +0 leather armour.
   606 | D:1      | 606 ||| READING scroll labelled VAOQUE YJATESA.
   607 | D:1      | 607 ||| DROPPING scroll of butterflies.
   638 | D:2      | Reached XP level 2. HP: 17/17 MP: 2/2
   649 | D:2      | 649 ||| Stepping ~*~*~tactically~*~*~ (retreating).
   656 | D:2      | Reached skill level 1 in Armour
   658 | D:2      | Reached XP level 3. HP: 14/21 MP: 3/3
   658 | D:2      | HP: 4/21 [gnoll/+0 halberd (10)]
   659 | D:2      | Slain by a gnoll

Levels and vault maps discovered:
D:1:      arrival_zaba_pyramid, layout_basic, nrook_campfire
D:2:      minmay_wonky_spiral, layout_rooms, amcnicky_mini_corridor_feature,
          uniq_robin

Skill      XL: |  1  2 |
---------------+-------+-----
Armour         | 1 |  1.7
Fighting       | |  2.1
Ranged Weapons | |  4.5
Dodging        | |  1.5
Stealth        | |  1.1

Action                     || total
---------------------------++-------
   Fire: Shortbow          ||    30
    Use: Scroll            ||     1
 Armour: Leather armour    ||     3
         Ring mail         ||     8
  Dodge: Dodged            ||    11

Table legend:
 A = Non-vault XP
 B = Vault XP
 C = Vault XP percentage of total XP
 D = Non-vault monster count
 E = Vault monster count
 F = Vault count percentage of total count
                 A         B        C        D         E       F
            +---------+---------+-------+---------+---------+-------
      Total |      38 |       0 |   0.0 |       9 |       0 |   0.0
            +---------+---------+-------+---------+---------+-------
        D:1 |       7 |       0 |   0.0 |       5 |       0 |   0.0
        D:2 |      31 |       0 |   0.0 |       4 |       0 |   0.0
            +---------+---------+-------+---------+---------+-------
